 Dungeon Crawl Stone Soup version 0.25-a0-474-ga8a2ee3 (webtiles) character file.

Game seed: 2705421009019117456, levelgen mode: deterministic

285525 15 the Devastator (level 20, -12/120 HPs)
             Began as a Tengu Fire Elementalist on Feb 6, 2020.
             Was the Champion of Vehumet.
             Killed from afar by a frost giant (48 damage)
             ... with a bolt of cold
             ... on level 4 of the Depths on Feb 7, 2020.
             The game lasted 08:58:33 (58210 turns).

15 the Devastator (Tengu Fire Elementalist)        Turns: 58210, Time: 08:58:34

Health: -12/120    AC: 15    Str: 12    XL:     20   Next: 61%
Magic:  8/38       EV: 20    Int: 20    God:    Vehumet [******]
Gold:   206        SH:  7    Dex: 16    Spells: 3/45 levels left

rFire    + + +     SeeInvis +   R - +12 Vampire's Tooth {vamp}
rCold    . . .     Gourm    .   T - +0 buckler {rPois}
rNeg     + . .     Faith    .   w - +2 troll leather armour
rPois    +         Spirit   .   (helmet restricted)
rElec    .         Reflect  .   X - +2 cloak of the Thief {+Fog Slay-2 SInv Stlth+}
rCorr    .         Harm     .   K - +2 pair of gloves
MR       ++++.     Clarity  +   (boots unavailable)
Stlth    ++++++....             U - amulet of the Four Winds {rN+ MR+++ Clar}
HPRegen  0.70/turn              l - ring of Pevouter {rPois rF+ Slay+2}
MPRegen  0.26/turn              G - ring "Dengo" {Wiz rF++ SInv}

@: very slightly contaminated, invisible
A: beak, talons 3, able to fly
}: 2/15 runes: barnacled, gossamer
a: Fly, Renounce Religion, Evoke Fog


You were on level 4 of the Depths.
You worshipped Vehumet.
Vehumet was exalted by your worship.
You were very hungry.

You visited 7 branches of the dungeon, and saw 36 of its levels.
You also visited: Sewer and Wizlab.

You collected 4369 gold pieces.
You spent 4163 gold pieces at shops.

Inventory:

Hand Weapons
 k - a +4 quick blade of electrocution
 I - a +2 eveningstar of protection
 R - the +12 Vampire's Tooth (weapon) {vamp}
   (You found it on level 10 of the Dungeon)

   It inflicts no extra harm, but heals its wielder when it wounds a living foe.
 W - the +5 rapier "Cyophota" {freeze, rN+}
   (You took it off a merfolk impaler on level 4 of the Shoals)

   It has been specially enchanted to freeze those struck by it, causing extra
   injury to most foes and up to half again as much damage against particularly
   susceptible opponents.
   It can also slow down cold-blooded creatures.
   It protects you from negative energy.
Armour
 w - a +2 troll leather armour (worn)
 J - a scarf of cloud immunity
 K - a +2 pair of gloves (worn)
 T - a +0 buckler of poison resistance (worn)
 X - the +2 cloak of the Thief (worn) {+Fog Slay-2 SInv Stlth+}
   (You found it on level 4 of the Lair of Beasts)

   It affects your accuracy and damage with ranged weapons and melee attacks
   (-2).
   It lets you see invisible.
   It makes you more stealthy.
   If you remove this armour, your AC will fall 4 points (15 -> 11)
Magical Staves
 j - an uncursed staff of summoning
 Y - an uncursed staff of fire
Jewellery
 f - a +3 amulet of reflection
 l - the ring of Pevouter (left hand) {rPois rF+ Slay+2}
   (You bought it in a shop on level 9 of the Dungeon)

   [ring of protection from fire]

   It affects your accuracy and damage with ranged weapons and melee attacks
   (+2).
   It protects you from fire.
   It protects you from poison.
 m - an uncursed ring of protection from magic
 o - a +4 ring of intelligence
 A - an uncursed ring of positive energy
 G - the ring "Dengo" (right hand) {Wiz rF++ SInv}
   (You acquired it on level 3 of the Depths)

   [ring of wizardry]

   It improves your spell success rate.
   It greatly protects you from fire.
   It lets you see invisible.
 U - the amulet of the Four Winds (around neck) {rN+ MR+++ Clar}
   (You found it on level 4 of the Shoals)

   [amulet of nothing]

   It protects you from negative energy.
   It affects your resistance to hostile enchantments.
   It protects you against confusion.
Wands
 a - a wand of enslavement (34)
 d - a wand of acid (4)
 t - a wand of polymorph (6)
 y - a wand of flame (33)
 O - a wand of digging (7)
 Q - a wand of scattershot (1)
Scrolls
 e - 6 scrolls of enchant armour
 g - 18 scrolls of remove curse
 n - 3 scrolls of magic mapping
 q - 5 scrolls of enchant weapon
 r - 10 scrolls of amnesia
 x - 4 scrolls of fog
 C - 8 scrolls of teleportation
 E - a scroll of fear
 L - 2 scrolls of brand weapon
 N - 10 scrolls of identify
Potions
 b - 13 potions of curing
 h - 2 potions of agility
 s - 6 potions of haste
 u - 9 potions of brilliance
 v - 2 potions of might
 z - 3 potions of resistance
 B - 6 potions of mutation
 H - 4 potions of ambrosia
Miscellaneous
 i - a lamp of fire
 F - a crystal ball of energy
 M - a phial of floods
 S - a fan of gales
 V - a phantom mirror
 Z - a lightning rod (4/4)
Comestibles
 c - 50 rations


   Skills:
 + Level 11.0 Fighting
 + Level 8.0 Short Blades
 - Level 1.6(4.4) Maces & Flails
 + Level 6.5(6.6) Staves
 - Level 0.2 Throwing
 + Level 11.7 Armour
 + Level 11.2 Dodging
 + Level 10.9 Stealth
 * Level 10.8 Shields
 + Level 13.1 Spellcasting
 * Level 15.6 Conjurations
 - Level 1.3 Charms
 - Level 0.8 Translocations
 - Level 1.1 Transmutations
 + Level 13.8 Fire Magic
 * Level 5.6 Ice Magic
 * Level 12.5 Air Magic
 - Level 4.8 Earth Magic
 + Level 9.6 Evocations


You had 3 spell levels left.
You knew the following spells:

 Your Spells              Type           Power        Failure   Level  Hunger
a - Foxfire               Conj/Fire      ####         0%          1    None
b - Mephitic Cloud        Conj/Pois/Air  ######..     1%          3    None
c - Sticky Flame          Conj/Fire      ######..     1%          4    None
d - Fireball              Conj/Fire      ######....   1%          5    ####...
e - Magic Dart            Conj           ####         0%          1    None
f - Bolt of Magma         Conj/Fire/Erth ######....   1%          5    ####...
g - Blink                 Tloc           N/A          2%          2    None
h - Ignite Poison         Fire/Tmut/Pois ####....     1%          3    None
i - Iskenderun's Battles  Conj/Chrm      #####...     1%          5    ####...
j - Orb of Destruction    Conj           ######....   1%          7    #######
k - Freezing Cloud        Conj/Ice/Air   ######....   1%          6    #####..

Your spell library contained the following spells:

 Spells                   Type           Power        Failure   Level  Hunger
 Lehudib's Crystal Spear  Conj/Erth      ######....   47%         8    #######
 Tornado                  Air            ######....   94%         9    #######
 Shatter                  Erth           ####......   100%        9    #######
 Shock                    Conj/Air       ####         0%          1    None
 Apportation              Tloc           ###...       1%          1    None
 Beastly Appendage        Tmut           ###...       1%          1    None
 Sandblast                Erth           ####..       1%          1    None
 Corpse Rot               Necr/Air       N/A          1%          2    None
 Passwall                 Tmut/Erth      ####....     1%          2    None
 Poisonous Vapours        Pois/Air       #####.       1%          2    None
 Swiftness                Chrm/Air       #####...     1%          2    None
 Conjure Flame            Conj/Fire      ######..     1%          3    None
 Inner Flame              Hex/Fire       #####...     1%          3    None
 Static Discharge         Conj/Air       ######..     1%          3    None
 Stone Arrow              Conj/Erth      ######       1%          3    None
 Summon Butterflies       Summ           ##......     2%          1    None
 Shroud of Golubria       Chrm/Tloc      ###...       2%          2    None
 Sticks to Snakes         Tmut           ###.....     2%          2    None
 Gell's Gravitas          Tloc           ###.......   5%          3    None
 Lesser Beckoning         Tloc           ###.......   5%          3    None
 Teleport Other           Tloc           ###.....     5%          3    None
 Spider Form              Tmut/Pois      ###.......   6%          3    None
 Confusing Touch          Hex            ##......     8%          3    None
 Tukima's Dance           Hex            ##......     8%          3    None
 Airstrike                Air            ######....   1%          4    None
 Lightning Bolt           Conj/Air       ######....   1%          5    ####...
 Iron Shot                Conj/Erth      ######....   1%          6    #####..
 Silence                  Hex/Air        #####.....   5%          5    ####...
 Ice Form                 Ice/Tmut       ####....     6%          4    None
 Petrify                  Tmut/Erth      ####....     7%          4    None
 Yara's Violent Unravell  Hex/Tmut       ###.......   14%         5    ####...
 Passage of Golubria      Tloc           N/A          16%         4    None
 Metabolic Englaciation   Hex/Ice        ###.......   21%         5    ####...
 Deflect Missiles         Chrm/Air       #####.....   21%         6    #####..
 Spellforged Servitor     Conj/Summ      #####.....   22%         7    #######
 Cause Fear               Hex            ##........   24%         4    None
 Blade Hands              Tmut           ###.......   38%         5    ####...
 Alistair's Intoxication  Tmut/Pois      ###.....     45%         5    ####...
 Ring of Flames           Chrm/Fire      #####.....   63%         7    #######
 Statue Form              Tmut/Erth      ####.....    69%         6    #####..
 Invisibility             Hex            ##......     97%         6    #####..
 Discord                  Hex            ##........   100%        8    #######


Dungeon Overview and Level Annotations

Branches:
Dungeon (15/15)            Temple (1/1) D:6            Lair (6/6) D:10
 Shoals (4/4) Lair:3       Spider (4/4) Lair:2        Slime (0/5) Lair:5
    Orc (2/2) D:10            Elf (0/3) Orc:2        Vaults (0/5) D:14
 Depths (4/5) D:15          Sewer (visited)          WizLab (visited)

Altars:
Ashenzari
Cheibriados
Dithmenos
Elyvilon
Fedhas
Gozag
Hepliaklqana
Kikubaaqudgha
Makhleb
Nemelex Xobeh
Okawaru
Qazlal
Ru
Sif Muna
Trog
Uskayaw
Vehumet
Wu Jian
Xom
Yredelemnul
Zin
The Shining One
Beogh
Jiyva

Shops:
D:8 :[=   D:9 =   D:10 (   D:12 (   Orc:2 %[(:[?}:   Shoals:2 }   Depths:1 :(
Depths:2 [((=

Portals:
Hell: Depths:1 Depths:2 Depths:3
Ziggurat: Depths:2
Trove: D:11 (give +4 fire dragon scales)

Annotations:
D:4 exclusion: oklob plant
D:12 Jorgrun
Depths:2 1 runed translucent door


Innate Abilities, Weirdness & Mutations

You have a beak for a mouth.
You have claws for feet.
You can fly continuously.


Message History

Press: ? - help, Shift-Dir - straight line, f/p - frost giant
Aim: a frost giant, wielding a +3 great sword of flaming (noxious fumes, lightly wounded)
The spriggan air mage deflects the bolt of magma!
The bolt of magma hits the frost giant!!
The frost giant is moderately wounded.
The spriggan air mage is engulfed in noxious fumes.
The frost giant is engulfed in noxious fumes.
The spriggan air mage is engulfed in noxious fumes.
The spriggan air mage appears confused.
Unknown command.
Casting: Bolt of Magma (safe; 1% risk of failure)
Confirm with . or Enter, or press ? or * to list all spells.
Okay, then.
Casting: Bolt of Magma (safe; 1% risk of failure)
Confirm with . or Enter, or press ? or * to list all spells.
Okay, then.
You feel better. The frost giant casts a spell at you.
The bolt of cold hits you!!!
You die...

*,,,* *** #####.,,****##.##
*#....,,,,,,,#...#
*,.≈..,,,,,*,....#
**...,,,,,,,,#...# ***
##.##,,,#####...*####*,** **
#...#,,,#..○§..,....#,^,* *,
#i..#,≈,#.#○i.#...#..,,,* *,
#§G.#,,,#..☼C@......#,,,* *.
####...#########...#####,..######
....JH.....#,,,#...#,,,,,......#.
!≈.......#?#,*,#.≈.#,<,,,....≈...
...........#,,,#.(.#,,,,,,,,,,,#.
####...#####,,,#####****,,,#####.
#...#,,,,,,,,,,,*,,,*,,,#..D..
#....,,,,,*,,,>,*,*,*,∩,#.#.8.
#...#.,,,,,,,,,,*,,,*,,,#....H


You could see a frost giant and a spriggan air mage (confused).

Vanquished Creatures
  Saint Roka (Orc:2)
  A golden dragon (Depths:2)
  Nikola (Shoals:4)
  Arachne (Spider:1)
  A Cloud Mage (WizLab)
  Rupert (D:14)
  A shadow dragon (Depths:2)
  Kirke (Shoals:4)
  Ilsuiw (Shoals:4)
  Roxanne (Spider:2)
  A fire giant (Depths:2)
  5 frost giants
  7 ghost moths
  6 emperor scorpions
  A juggernaut zombie (Depths:2)
  A stone giant (Depths:2)
  2 very ugly things (Depths:2)
  Nessos (Lair:4)
  3 entropy weavers
  5 spark wasps
  Azrael (Spider:2)
  3 ettins
  3 blizzard demons (WizLab)
  8 merfolk javelineers
  4 fire dragons
  The ghost of RepHenryClay the Nimble, a journeyman OpVM of Sif Muna (Orc:2)
  A yaktaur captain (Depths:2)
  Harold (D:11)
  2 great orbs of eyes (Depths:2)
  13 merfolk impalers
  2 ogre magi
  Fannar (Lair:2)
  A quicksilver dragon skeleton (Depths:2)
  3 rakshasas
  5 centaur warriors
  3 ice dragons
  A vault guard (D:14)
  7 hydras
  5 merfolk avatars
  6 spriggan air magi
  An anaconda (Lair:6)
  A two-headed ogre (shapeshifter) (Depths:2)
  7 satyrs
  9 two-headed ogres
  An alligator snapping turtle (Shoals:4)
  4 merfolk aquamancers
  6 tengu warriors
  A spriggan berserker (Depths:3)
  A dancing weapon (Depths:4)
  2 hell hogs (Depths:3)
  Urug (Lair:3)
  3 shock serpents (WizLab)
  A storm dragon zombie (Depths:1)
  2 death drakes (WizLab)
  9 hell knights
  16 sea snakes
  A flayed ghost (Depths:3)
  3 unseen horrors
  2 orc knights (Orc:2)
  5 necromancers
  13 harpies
  4 oklob plants (Lair:4)
  A lindwurm (Lair:6)
  15 orb spiders
  A deep elf mage (D:15)
  22 fauns
  2 orc sorcerers (Orc:2)
  4 cyclopes
  A tengu skeleton (Depths:2)
  14 manticores
  30 wolf spiders
  8 slime creatures
  27 ugly things
  2 moths of wrath (Spider:3)
  9 merfolk sirens
  10 elephants (Lair:5)
  A guardian serpent (shapeshifter) (Depths:3)
  10 water nymphs
  5 black mambas
  A guardian serpent (D:14)
  3 apocalypse crabs (WizLab)
  Maurice (D:13)
  A titan simulacrum (Depths:3)
  A gargoyle (D:15)
  8 spiny frogs
  2 elf zombies
  8 torpor snails
  A yaktaur zombie (Depths:1)
  10 demonic crawlers
  5 komodo dragons
  A spark wasp simulacrum (Depths:3)
  A rime drake (Lair:5)
  An efreet (D:15)
  29 jumping spiders
  A spectral two-headed ogre (Orc:2)
  9 polar bears (Lair:6)
  35 merfolk
  13 wind drakes
  3 trolls
  8 tyrant leeches
  A hornet (shapeshifter) (D:15)
  15 dream sheep
  11 hippogriffs
  3 raiju (Lair:6)
  25 hornets
  7 snapping turtles
  28 blink frogs
  15 air elementals (WizLab)
  2 vampires (D:10)
  6 wyverns
  A redback (shapeshifter) (Depths:2)
  26 tarantellas
  2 spriggans
  10 water elementals
  44 redbacks
  35 yaks
  2 wraiths
  A shadow (D:15)
  21 humans (D:14)
  3 fire elementals (Spider:2)
  2 basilisks (Lair:1)
  4 hungry ghosts
  11 vampire mosquitoes
  An elf simulacrum (Depths:3)
  A soldier ant (D:12)
  10 wargs
  24 hell hounds
  11 water moccasins
  Duvessa (D:5)
  13 porcupines
  11 black bears (Lair:6)
  30 orc warriors
  A phantom (D:14)
  3 sky beasts
  4 ice beasts
  12 ogres
  3 necrophages
  18 wolves
  7 boggarts
  13 centaurs
  15 crocodiles
  5 big kobolds
  17 bullfrogs
  Dowan (D:5)
  9 scorpions
  A wyvern skeleton (D:7)
  10 killer bees
  13 wights
  12 howler monkeys
  4 electric eels
  8 crimson imps
  A bullfrog zombie (D:12)
  A centaur zombie (D:7)
  26 orc wizards
  A jelly (shapeshifter) (Depths:2)
  6 jellies
  A gnoll shaman (D:7)
  18 orc priests
  7 centaur skeletons
  3 hounds
  5 bullfrog skeletons
  6 iguanas
  2 spectral orcs (Orc:2)
  13 worker ants
  A hound zombie (D:5)
  A hound skeleton (D:7)
  2 worker ant zombies (D:5)
  14 gnolls
  A howler monkey skeleton (D:10)
  15 adders
  3 river rats
  3 shadow imps
  2 orc simulacra (Orc:2)
  An ooze (D:3)
  An adder zombie (D:9)
  An adder skeleton (D:6)
  5 worms
  2 dart slugs
  10 leopard geckos
  99 orcs
  10 bats
  15 giant cockroaches
  6 goblins
  11 hobgoblins
  18 jackals
  22 kobolds
  4 quokkas
  2 ball pythons
  A ball python skeleton (D:6)
  11 frilled lizards
  A jackal zombie (D:6)
  A leopard gecko zombie (D:8)
  3 quokka zombies
  20 rats
  A butterfly (Lair:3)
  2 fungi
  16 plants
1438 creatures vanquished.

Vanquished Creatures (collateral kills)
  A redback (Spider:4)
  A centaur (D:14)
  A kobold (D:5)
3 creatures vanquished.

Vanquished Creatures (others)
  A spark wasp (WizLab)
  A blizzard demon (WizLab)
  A cyclops (Shoals:3)
  2 fauns (Shoals:1)
  2 merfolk (Shoals:3)
  A dream sheep (Shoals:4)
  A tarantella (Spider:4)
  2 humans (Shoals:4)
  1912 foxfires
  7 fungi
  21 plants
1951 creatures vanquished.

Grand Total: 3392 creatures vanquished

Notes
Turn   | Place    | Note
-------+----------+-------------------------------------------
     0 | D:1      | 15 the Tengu Fire Elementalist began the quest for the Orb.
     0 | D:1      | Reached XP level 1. HP: 10/10 MP: 4/4
   109 | D:1      | Reached XP level 2. HP: 15/15 MP: 0/6
   178 | D:1      | Reached skill level 2 in Conjurations
   546 | D:1      | Reached XP level 3. HP: 20/20 MP: 0/7
   567 | D:1      | Learned a level 3 spell: Conjure Flame
  1074 | D:2      | Reached skill level 1 in Armour
  1223 | D:2      | Reached XP level 4. HP: 24/24 MP: 0/9
  1229 | D:2      | Learned a level 4 spell: Sticky Flame
  1311 | D:2      | Found a hide-covered altar of Uskayaw.
  1312 | D:2      | Noticed a +0 dagger
  1312 | D:2      | Noticed a +0 hand axe
  1567 | D:2      | Gained mutation: You can fly continuously. [Tengu growth]
  1567 | D:2      | Reached XP level 5. HP: 27/28 MP: 6/10
  1904 | D:3      | Reached skill level 1 in Fighting
  1921 | D:3      | Reached skill level 3 in Conjurations
  2120 | D:3      | Reached skill level 1 in Short Blades
  2383 | D:3      | Reached XP level 6. HP: 30/34 MP: 7/11
  2864 | D:5      | Entered Level 5 of the Dungeon
  3197 | D:5      | Reached XP level 7. HP: 38/38 MP: 6/13
  3228 | D:5      | Noticed Dowan
  3265 | D:5      | Reached skill level 5 in Fire Magic
  3315 | D:5      | Noticed Duvessa
  3320 | D:5      | Killed Duvessa
  3320 | D:5      | Reached skill level 4 in Conjurations
  3326 | D:5      | Killed Dowan
  3346 | D:5      | Learned a level 5 spell: Fireball
  4355 | D:6      | Reached XP level 8. HP: 42/44 MP: 4/15
  4360 | D:6      | Reached skill level 5 in Conjurations
  4586 | D:6      | Found a staircase to the Ecumenical Temple.
  4632 | D:6      | Found a glowing drain.
  4667 | Sewer    | Entered a sewer
  5163 | D:6      | Reached skill level 5 in Spellcasting
  5210 | Temple   | Entered the Ecumenical Temple
  5431 | Temple   | Became a worshipper of Vehumet
  5667 | D:4      | Reached XP level 9. HP: 50/50 MP: 8/17
  5673 | D:4      | Reached skill level 5 in Dodging
  5744 | D:4      | Found a blossoming altar of Fedhas.
  5837 | D:4      | Found a blossoming altar of Fedhas.
  5850 | D:4      | Noticed an oklob plant
  6011 | D:6      | Reached skill level 6 in Conjurations
  6758 | D:7      | Reached skill level 7 in Conjurations
  7259 | D:7      | Reached skill level 1 in Maces & Flails
  7259 | D:7      | Reached XP level 10. HP: 44/56 MP: 11/20
  7541 | D:8      | Found a white marble altar of Elyvilon.
  7545 | D:8      | Found a shattered altar of Ashenzari.
  7619 | D:8      | Reached * piety under Vehumet
  7619 | D:8      | Offered knowledge of Magic Dart by Vehumet.
  7624 | D:8      | Learned a level 1 spell: Magic Dart
  7842 | D:8      | Reached skill level 5 in Armour
  7943 | D:8      | Found Tahuc's Food Shoppe.
  8112 | D:8      | Bought a ration for 55 gold pieces
  8112 | D:8      | Bought a ration for 55 gold pieces
  8112 | D:8      | Bought a ration for 55 gold pieces
  8112 | D:8      | Bought a ration for 55 gold pieces
  8112 | D:8      | Bought a ration for 55 gold pieces
  8295 | D:8      | Found Rosinlom's Armour Shoppe.
  8313 | D:8      | Found Uthaiprely's Book Shop.
  8372 | D:8      | Found Fibot's Jewellery Boutique.
  9035 | D:9      | Noticed a two-headed ogre
  9089 | D:9      | Killed a two-headed ogre
  9089 | D:9      | Reached skill level 8 in Conjurations
  9445 | D:9      | Learned a level 5 spell: Bolt of Magma
  9583 | D:9      | Reached skill level 1 in Evocations
  9946 | D:9      | Found Juewnaci's Jewellery Emporium.
  9959 | D:10     | Entered Level 10 of the Dungeon
 10261 | D:10     | Learned a level 2 spell: Blink
 10311 | D:10     | Offered knowledge of Freeze by Vehumet.
 10321 | D:10     | Reached ** piety under Vehumet
 10337 | D:10     | Reached skill level 1 in Earth Magic
 10369 | D:10     | Found a staircase to the Lair.
 10523 | D:10     | Reached skill level 9 in Conjurations
 10556 | D:10     | Reached XP level 11. HP: 38/62 MP: 1/22
 10705 | D:10     | Found Nuryefok's Weapon Emporium.
 10708 | D:10     | Found a staircase to the Orcish Mines.
 10901 | D:10     | Noticed an unseen horror
 10911 | D:10     | Killed an unseen horror
 10911 | D:10     | Reached skill level 5 in Fighting
 11462 | D:10     | Found the +12 Vampire's Tooth {vamp}
 11569 | D:9      | Bought an uncursed ring of protection from magic for 275
                  | gold pieces
 11699 | D:11     | Noticed a green ugly thing
 11715 | D:11     | Noticed a centaur warrior
 11718 | D:11     | Noticed a purple ugly thing
 11720 | D:11     | Killed a green ugly thing
 11733 | D:11     | Killed a centaur warrior
 11744 | D:11     | Killed a white ugly thing
 11827 | D:11     | Offered knowledge of Static Discharge by Vehumet.
 12012 | D:11     | Reached *** piety under Vehumet
 12122 | D:11     | Noticed Harold
 12152 | D:11     | Found a portal to a secret trove of treasure.
 12182 | D:11     | Noticed a purple ugly thing
 12192 | D:11     | Killed a purple ugly thing
 12347 | D:11     | Killed Harold
 12347 | D:11     | Reached skill level 10 in Conjurations
 12347 | D:11     | Reached XP level 12. HP: 69/69 MP: 14/25
 12851 | D:11     | Noticed a two-headed ogre
 12862 | D:11     | Killed a two-headed ogre
 13186 | D:12     | Learned a level 7 spell: Orb of Destruction
 13234 | D:12     | Offered knowledge of Ignite Poison by Vehumet.
 13249 | D:12     | Learned a level 3 spell: Ignite Poison
 13285 | D:12     | Reached skill level 10 in Fire Magic
 13311 | D:12     | Noticed a four-headed hydra
 13391 | D:12     | Killed a four-headed hydra
 13486 | D:12     | Noticed a seven-headed hydra
 13489 | D:12     | Noticed a two-headed ogre
 13504 | D:12     | Killed a two-headed ogre
 13505 | D:12     | Killed a seven-headed hydra
 13672 | D:12     | Reached skill level 5 in Stealth
 13871 | D:12     | Noticed Jorgrun
 14077 | D:12     | Found Sokynir's Weapon Boutique.
 14464 | D:12     | Reached **** piety under Vehumet
 14706 | D:13     | Learned a level 5 spell: Iskenderun's Battlesphere
 14915 | D:13     | Noticed a centaur warrior
 14958 | D:13     | Noticed Maurice
 14964 | D:13     | Killed Maurice
 15083 | D:13     | Offered knowledge of Lightning Bolt by Vehumet.
 15716 | D:14     | Reached XP level 13. HP: 75/75 MP: 14/27
 15767 | D:14     | Reached skill level 11 in Conjurations
 15773 | D:14     | Noticed Rupert
 15782 | D:14     | Killed Rupert
 16502 | D:14     | Reached skill level 1 in Shields
 16505 | D:14     | Reached skill level 10 in Spellcasting
 16930 | D:15     | Entered Level 15 of the Dungeon
 17230 | D:15     | Reached skill level 5 in Evocations
 17242 | D:15     | Reached ***** piety under Vehumet
 17378 | D:15     | Offered knowledge of Olgreb's Toxic Radiance by Vehumet.
 17560 | D:15     | Noticed a fire dragon
 17908 | D:15     | Noticed an ice dragon
 18128 | D:15     | Reached XP level 14. HP: 82/82 MP: 5/29
 18276 | D:14     | Reached skill level 12 in Conjurations
 18333 | D:15     | Found a staircase to the Depths.
 18492 | D:9      | Bought the ring of Pevouter {rPois rF+ Slay+2} for 490 gold
                  | pieces
 18602 | Lair:1   | Entered Level 1 of the Lair of Beasts
 19181 | Lair:1   | Reached skill level 1 in Transmutations
 19649 | Lair:2   | Noticed Fannar
 19655 | Lair:2   | Killed Fannar
 20162 | Lair:2   | Offered knowledge of Ozocubu's Refrigeration by Vehumet.
 20184 | Lair:2   | Found a hole to the Spider Nest.
 21382 | Lair:3   | Found a staircase to the Shoals.
 21420 | Lair:3   | Noticed Urug
 21424 | Lair:3   | Killed Urug
 21464 | Lair:3   | Got a faintly glowing robe
 21475 | Lair:3   | Identified the cursed +1 robe "Yzxaotoo" {Str+4 Stlth+}
                  | (You found it on level 3 of the Lair of Beasts)
 21806 | Lair:4   | Noticed Nessos
 21998 | Lair:4   | Killed Nessos
 22424 | Lair:4   | Found the +2 cloak of the Thief {+Fog Slay-2 SInv Stlth+}
 23514 | Lair:5   | Reached XP level 15. HP: 88/88 MP: 21/31
 23884 | Lair:5   | Found a staircase to the Slime Pits.
 23885 | Lair:5   | Found a viscous altar of Jiyva.
 24009 | Lair:5   | Reached skill level 13 in Conjurations
 24117 | Lair:5   | Reached skill level 1 in Charms
 24446 | Lair:6   | Entered Level 6 of the Lair of Beasts
 24615 | Lair:6   | Learned a level 7 spell: Orb of Destruction
 25831 | Lair:6   | Identified a scroll of acquirement
 25833 | Lair:6   | Found the +0 staff of Battle
 25932 | Lair:6   | Offered knowledge of Starburst by Vehumet.
 26092 | Lair:6   | Found a runed translucent door.
 26586 | D:8      | Bought a book of Clouds for 540 gold pieces
 26591 | D:8      | Learned a level 3 spell: Mephitic Cloud
 26886 | Lair:6   | Reached skill level 1 in Air Magic
 28706 | D:14     | Offered knowledge of Irradiate by Vehumet.
 29261 | D:14     | Found a gate to the Vaults.
 29449 | Spider:1 | Entered Level 1 of the Spider Nest
 29883 | Lair:2   | Reached skill level 5 in Shields
 30543 | Spider:1 | Reached XP level 16. HP: 95/96 MP: 32/32
 31474 | Spider:2 | Noticed Arachne
 31511 | Spider:2 | Identified Roxanne's Guide on Clay
 31511 | Spider:2 | Noticed Roxanne
 31520 | Spider:2 | Killed Roxanne
 31647 | Spider:2 | Reached skill level 5 in Air Magic
 31674 | Spider:2 | Noticed Azrael
 32070 | Spider:2 | Killed Azrael
 32183 | Spider:1 | Killed Arachne
 33233 | Spider:2 | Offered knowledge of Conjure Ball Lightning by Vehumet.
 34523 | Spider:2 | Reached skill level 10 in Armour
 34594 | Spider:3 | Reached skill level 1 in Staves
 34759 | Spider:3 | Identified the +1 leather armour of the Sacrificial Victim
                  | {rPois rF+ Str+4} (You found it on level 3 of the Spider
                  | Nest)
 35539 | Spider:4 | Entered Level 4 of the Spider Nest
 35957 | Spider:3 | Reached XP level 17. HP: 64/100 MP: 24/34
 36614 | Spider:4 | Offered knowledge of Ozocubu's Refrigeration by Vehumet.
 36614 | Spider:4 | Reached skill level 14 in Conjurations
 38255 | Spider:4 | Reached skill level 5 in Short Blades
 39212 | Spider:4 | Got a gossamer rune of Zot
 39455 | D:8      | Bought a ration for 55 gold pieces
 39455 | D:8      | Bought a ration for 55 gold pieces
 39455 | D:8      | Bought a ration for 55 gold pieces
 39455 | D:8      | Bought a ration for 55 gold pieces
 39455 | D:8      | Bought a ration for 55 gold pieces
 39455 | D:8      | Bought a ration for 55 gold pieces
 39455 | D:8      | Bought a ration for 55 gold pieces
 39455 | D:8      | Bought a ration for 55 gold pieces
 39455 | D:8      | Bought a ration for 55 gold pieces
 39532 | Orc:1    | Entered Level 1 of the Orcish Mines
 39687 | Orc:2    | Entered Level 2 of the Orcish Mines
 39687 | Orc:2    | Found Ramnedu's Gadget Shop.
 39709 | Orc:1    | Offered knowledge of Starburst by Vehumet.
 39815 | Orc:1    | Found a roughly hewn altar of Beogh.
 40065 | Orc:2    | Found a runed translucent gate.
 40066 | Orc:2    | Found a runed translucent gate.
 40067 | Orc:2    | Found a runed translucent gate.
 40072 | Orc:2    | Noticed RepHenryClay's ghost (journeyman OpVM)
 40090 | Orc:2    | Found Ajalavut's Antique Armour Shop.
 40102 | Orc:2    | Bought an embroidered scarf for 208 gold pieces
 40139 | Orc:2    | Found a roughly hewn altar of Beogh.
 40223 | Orc:2    | Found a roughly hewn altar of Beogh.
 40250 | Orc:2    | Found Backong's Book Boutique.
 40374 | Orc:2    | Found Egguele's Food Boutique.
 40381 | Orc:2    | Found Yrihug's Food Shop.
 40389 | Orc:2    | Bought a ration for 50 gold pieces
 40389 | Orc:2    | Bought a ration for 50 gold pieces
 40389 | Orc:2    | Bought a ration for 50 gold pieces
 40389 | Orc:2    | Bought a ration for 50 gold pieces
 40389 | Orc:2    | Bought a ration for 50 gold pieces
 40389 | Orc:2    | Bought a ration for 50 gold pieces
 40389 | Orc:2    | Bought a ration for 50 gold pieces
 40389 | Orc:2    | Bought a ration for 50 gold pieces
 40389 | Orc:2    | Bought a ration for 50 gold pieces
 40389 | Orc:2    | Bought a ration for 50 gold pieces
 40389 | Orc:2    | Bought a ration for 50 gold pieces
 40389 | Orc:2    | Bought a ration for 50 gold pieces
 40441 | Orc:2    | Found a staircase to the Elven Halls.
 40474 | Orc:2    | Found a roughly hewn altar of Beogh.
 40520 | Orc:2    | Found Nimpi's Magic Scroll Emporium.
 40530 | Orc:2    | Bought a scroll of identify for 24 gold pieces
 40530 | Orc:2    | Bought a scroll of enchant weapon for 90 gold pieces
 40530 | Orc:2    | Bought a scroll of amnesia for 42 gold pieces
 40530 | Orc:2    | Bought a scroll of remove curse for 36 gold pieces
 40530 | Orc:2    | Bought a scroll of blinking for 90 gold pieces
 40530 | Orc:2    | Bought 3 scrolls of identify for 72 gold pieces
 40530 | Orc:2    | Bought a scroll of holy word for 90 gold pieces
 40530 | Orc:2    | Bought a scroll of remove curse for 36 gold pieces
 40585 | Orc:2    | Found a roughly hewn altar of Beogh.
 40595 | Orc:2    | Found Amynupt's Book Shoppe.
 40692 | Orc:2    | Found a roughly hewn altar of Beogh.
 40816 | Orc:2    | Found a roughly hewn altar of Beogh.
 41201 | Orc:2    | Noticed Saint Roka
 41262 | Orc:2    | Killed Saint Roka
 41459 | Orc:2    | Found Pairphau's Antique Weapon Shoppe.
 41460 | Orc:2    | Found a roughly hewn altar of Beogh.
 41467 | Orc:2    | Found Sujeut's Antique Armour Emporium.
 41485 | Orc:2    | Bought a distressingly furry robe for 114 gold pieces
 41485 | Orc:2    | Identified the +1 robe "Keasox Geoc" {-Cast rPois MR+++
                  | Stlth+} (You bought it in a shop on level 2 of the Orcish
                  | Mines)
 41650 | Orc:2    | Killed RepHenryClay's ghost
 41913 | Shoals:1 | Entered Level 1 of the Shoals
 42416 | Shoals:1 | Reached skill level 10 in Fighting
 42759 | Shoals:1 | Reached XP level 18. HP: 107/107 MP: 19/35
 43078 | Shoals:1 | Reached skill level 10 in Dodging
 43943 | Shoals:2 | Found the +10 large shield of Ignorance {rN+ Int-4}
 43946 | Shoals:2 | Found Kiammuops's Gadget Shoppe.
 43963 | Shoals:2 | Learned a level 6 spell: Freezing Cloud
 43971 | Shoals:2 | Reached ****** piety under Vehumet
 45012 | Shoals:3 | Found Enuor's Magic Scroll Shop.
 45041 | Shoals:2 | Reached skill level 10 in Air Magic
 45217 | Shoals:3 | Bought a scroll of enchant weapon for 120 gold pieces
 45217 | Shoals:3 | Bought a scroll of identify for 32 gold pieces
 45217 | Shoals:3 | Bought a scroll of teleportation for 48 gold pieces
 45217 | Shoals:3 | Bought a scroll of remove curse for 48 gold pieces
 45217 | Shoals:3 | Bought a scroll of identify for 32 gold pieces
 45217 | Shoals:3 | Bought a scroll of identify for 32 gold pieces
 45217 | Shoals:3 | Bought a scroll of identify for 32 gold pieces
 45251 | Shoals:3 | Offered knowledge of Lehudib's Crystal Spear by Vehumet.
 45251 | Shoals:3 | Offered knowledge of Shatter by Vehumet.
 45251 | Shoals:3 | Offered knowledge of Tornado by Vehumet.
 45466 | Shoals:3 | Reached skill level 1 in Ice Magic
 45536 | Shoals:3 | Reached skill level 10 in Stealth
 46793 | Shoals:4 | Entered Level 4 of the Shoals
 46852 | Shoals:4 | Noticed Ilsuiw
 47100 | Shoals:4 | Reached skill level 5 in Staves
 47117 | Shoals:4 | Noticed Nikola
 47141 | Shoals:4 | Killed Nikola
 47811 | Shoals:4 | Found the amulet of the Four Winds {rN+ MR+++ Clar}
 47814 | Shoals:4 | Reached XP level 19. HP: 113/113 MP: 24/36
 47857 | Shoals:4 | Killed Ilsuiw
 48285 | Shoals:4 | Identified the +5 rapier "Cyophota" {freeze, rN+}
 48565 | Shoals:4 | Noticed Kirke
 48575 | Shoals:4 | Killed Kirke
 49204 | Shoals:4 | HP: 5/113 [merfolk javelineer/silver javelin (3)]
 49422 | Shoals:4 | Reached skill level 15 in Conjurations
 49470 | Shoals:4 | Got a barnacled rune of Zot
 50348 | Depths:1 | Entered Level 1 of the Depths
 50393 | Depths:1 | Found a shattered altar of Ashenzari.
 50467 | Depths:1 | Found Joqyvuq's Antique Weapon Boutique.
 50545 | Depths:1 | Found a gateway to Hell.
 50566 | Depths:1 | Found Ysmotic's Book Shop.
 51639 | Depths:1 | Reached skill level 10 in Shields
 52334 | Depths:2 | Found Woanwaud's Antique Armour Shop.
 52335 | Depths:2 | Found Fop Dis's Antique Weapon Emporium.
 52348 | Depths:2 | Found a magical portal.
 53772 | WizLab   | Noticed Kuebun
 53783 | WizLab   | Killed Kuebun the Cloud Mage
 53858 | WizLab   | Identified the Volume of Air
 53962 | Depths:2 | Bought a pair of ancient gloves for 342 gold pieces
 53962 | Depths:2 | Identified the +0 pair of gloves of Baldness {+Inv rPois
                  | Dex-3 Slay+4} (You bought it in a shop on level 2 of the
                  | Depths)
 54044 | Depths:2 | Found Patuzit's Antique Weapon Shop.
 54054 | Depths:2 | Reached XP level 20. HP: 110/118 MP: 8/37
 54288 | Depths:2 | Reached skill level 5 in Ice Magic
 54645 | Depths:2 | Found Suept's Jewellery Boutique.
 54673 | Depths:2 | Found a runed translucent door.
 54755 | Depths:2 | Noticed a golden dragon
 54765 | Depths:2 | Killed a golden dragon
 55091 | Depths:2 | Found a gateway to a ziggurat.
 56796 | Depths:3 | Identified the +5 shield of the Comet {rN+ SInv Stlth+}
                  | (You acquired it on level 3 of the Depths)
 56796 | Depths:3 | Identified the ring "Dengo" {Wiz rF++ SInv} (You acquired
                  | it on level 3 of the Depths)
 57895 | Depths:3 | Found an ancient bone altar of Kikubaaqudgha.
 57895 | Depths:3 | Noticed an ancient lich
 57999 | Depths:3 | You are sucked into a shaft and drop 1 floor!
 58210 | Depths:4 | Killed from afar by a frost giant

Levels and vault maps discovered:
D:1:      lightli_arrival_noodles, layout_basic, st_stairs_9,
          minmay_worlds_worst_comb
D:2:      minmay_diamond_boxcup, layout_basic, dancing_weapons_uskayaw
D:3:      layout_basic
D:4:      layout_rooms, kennysheep_mini_moat, tgw_fedhas
D:5:      cheibrodos_thug_alley, layout_basic, first_ration, serial_undead,
          serial_undead_b, serial_undead_e, serial_undead_c, serial_undead_f,
          serial_undead_c, serial_undead_e, corexii_corridor_pit, uniq_duvessa
D:6:      layout_rooms, minmay_temple_entry_sparse_star, portal_sewer_entry_a,
          minivault_22
D:7:      layout_loops_ring, the_bakery, minivault_11
D:8:      layout_gridville, grunt_temple_overflow_open, serial_shops, shop,
          shop, nicolae_shop_behind_doors, shop, roderic_batcave
D:9:      layout_loops_corners, serial_shops, kennysheep_mini
D:10:     layout_big_octagon, erik_lair_orcish_takeover, orc_david_3,
          minmay_guarded_unrand_vampires_tooth
D:11:     layout_long_grid, nicolae_trove_entry_free_sample,
          grunt_ministairs_12, minmay_misc_feat_more_columns, minivault_26,
          uniq_harold
D:12:     kennysheep_blocky_hall, layout_stronghold, serial_shops, shop,
          uniq_jorgrun
D:13:     layout_loops_corners, uniq_maurice
D:14:     layout_roguey, grunt_vaults_entry_tiered, hangedman_decor_peaks_small,
          nrook_guardian_serpent_ordinary, uniq_rupert
D:15:     grunt_enter_depths_hoard, layout_irregular_city,
          grunt_decor_mini_mirrors
Temple:   dpeg_five_rooms_temple
Lair:1:   layout_cave_pods, serial_bayou_pond_b, lemuel_fruit_tree
Lair:2:   layout_loops_ring, nicolae_spider_entry_non_spiders,
          nicolae_quartered_pool_super, uniq_fannar
Lair:3:   layout_chaotic_city, minmay_shoals_entry_lonely_mermaid,
          chequers_serial_rivers_small_3, lemuel_fruit_fields, uniq_urug
Lair:4:   layout_small_grid, minmay_lair_oklob_chamber, grunt_megastairs_3,
          lemuel_fruit_fields, uniq_nessos
Lair:5:   layout_cave_pods, slime_altar_1
Lair:6:   wormcave, layout_regular_city, hangedman_lair_caniforms_friends
Shoals:1: layout_shoals
Shoals:2: layout_shoals, serial_shops, shop
Shoals:3: layout_shoals, serial_shops, shop
Shoals:4: shoals_end_simple, layout_shoals, shoal_ilsuiw, uniq_kirke,
          uniq_nikola
Spider:1: layout_spider_delve
Spider:2: spiders_nest_scorpion_pit, drop_trap, uniq_arachne, uniq_azrael,
          uniq_roxanne
Spider:3: layout_spider_delve
Spider:4: spider_rune_water, nicolae_spider_shape
Orc:1:    layout_diamond_mine, basic_altar
Orc:2:    grunt_orc_community_town_hall, layout_diamond_mine,
          grunt_orc_community_big_house_1, grunt_orc_community_big_house_2,
          grunt_orc_community_house_3, grunt_orc_community_house_1,
          grunt_orc_community_house_2, grunt_orc_community_house_1,
          grunt_orc_community_house_1, grunt_orc_community_house_3,
          serial_shops, nicolae_shop_competitors_out_of_business, shop, shop,
          shop, nicolae_shop_trees, gammafunk_ghost_necromancy, basic_altar
Depths:1: layout_roguey, serial_shops, shop, nicolae_shop_behind_doors,
          minmay_misc_feat_pillars, hell_entry, nicolae_ashenzari_panopticon
Depths:2: minmay_expanding_circles, layout_twisted_cross, enter_ziggurat_f,
          serial_shops, shop, nicolae_shop_statue_plus, shop, shop,
          lightli_enter_wizlab_magi_temple, hell_entry, minmay_hidden_floor,
          infiniplex_staircase_pool_2
Depths:3: evilmike_negative_zone, layout_cave_shapes, grunt_hell_horde,
          pan_entry, kennysheep_decorative_pillar, kennysheep_generic_room_10
Depths:4: hangedman_crystal_crosses_colossus [crystal_crosses_arms_four,
          crystal_crosses_arms_two, crystal_crosses_arms_one,
          crystal_crosses_arms_one], hell_entry, abyss_entry, pan_entry,
          uniq_mara, uniq_mennas, uniq_sojobo

Skill      XL: |  1  2  3  4  5  6  7  8  9 10 11 12 13 14 15 16 17 18 19 20 |
---------------+-------------------------------------------------------------+-----
Conjurations   | 2 3 4 5 7 9 10 11 12 13 14 15 | 15.6
Armour         | 1 2 3 4 5 6 7 8 9 10 11 | 11.7
Fighting       | 1 2 3 4 5 6 7 8 9 10 11 | 11.0
Dodging        | 3 4 5 6 7 8 9 10 11 | 11.2
Spellcasting   | 3 4 5 6 7 8 9 10 11 12 13 | 13.1
Fire Magic     | 4 5 6 7 8 9 10 11 12 13 | 13.8
Short Blades   | 1 2 3 4 5 6 7 8 |  8.0
Stealth        | 3 4 5 6 7 8 9 10 | 10.9
Maces & Flails | 1 |  1.6
Evocations     | 1 4 5 6 7 8 9 |  9.6
Earth Magic    | 1 2 3 4 |  4.8
Shields        | 2 3 5 7 8 9 10 | 10.8
Transmutations | 1 |  1.1
Charms         | 1 |  1.3
Air Magic      | 4 7 9 10 11 12 | 12.5
Staves         | 1 3 5 6 |  6.5
Ice Magic      | 2 4 5 |  5.6
Throwing       | |  0.2
Translocations | |  0.8

Action                   |  1- 3 |  4- 6 |  7- 9 | 10-12 | 13-15 | 16-18 | 19-21 || total
-------------------------+-------+-------+-------+-------+-------+-------+-------++-------
Melee: Unarmed           |     2 |       |       |       |       |       |       ||     2
       Dagger            |    54 |   125 |   181 |    74 |       |       |       ||   434
       Kick              |     7 |    30 |    50 |    69 |    31 |    80 |    28 ||   295
       Peck              |     6 |    16 |    38 |    29 |    17 |    34 |    15 ||   155
       Hand axe          |       |     1 |       |       |       |       |       ||     1
       Dire flail        |       |       |    20 |    19 |       |       |       ||    39
       Mace              |       |       |       |     5 |       |       |       ||     5
       Quick blade       |       |       |       |   135 |    58 |   223 |    62 ||   478
       Staff             |       |       |       |       |    76 |    44 |    18 ||   138
       Rapier            |       |       |       |       |       |       |    11 ||    11
Throw: Stone             |       |       |       |     3 |       |       |       ||     3
       Dart              |       |       |       |       |     2 |       |       ||     2
 Cast: Foxfire           |    68 |    87 |   243 |   468 |   179 |   189 |    32 ||  1266
       Conjure Flame     |       |       |     6 |    18 |     3 |       |       ||    27
       Sticky Flame      |       |       |     6 |    19 |    24 |    32 |    14 ||    95
       Fireball          |       |       |       |    36 |   158 |   252 |   119 ||   565
       Magic Dart        |       |       |       |    22 |   180 |    36 |     4 ||   242
       Bolt of Magma     |       |       |       |    26 |   127 |   146 |   100 ||   399
       Blink             |       |       |       |     3 |    28 |     7 |    18 ||    56
       Iskenderun's Batt |       |       |       |     7 |    77 |    24 |     7 ||   115
       Ignite Poison     |       |       |       |       |    22 |    24 |     1 ||    47
       Mephitic Cloud    |       |       |       |       |    33 |    76 |    17 ||   126
       Orb of Destructio |       |       |       |       |    33 |    88 |    78 ||   199
       Freezing Cloud    |       |       |       |       |       |    30 |    71 ||   101
 Abil: Fly               |       |     1 |       |       |       |     3 |     2 ||     6
       Stop Flying       |       |       |       |       |       |     4 |     2 ||     6
Evoke: Wand              |       |       |    18 |    16 |    30 |    43 |    22 ||   129
       Fan of gales      |       |       |       |       |     1 |     3 |     3 ||     7
       Phial of floods   |       |       |       |       |     1 |       |     1 ||     2
       Lamp of fire      |       |       |       |       |     1 |     3 |     3 ||     7
       Lightning rod     |       |       |       |       |       |     4 |       ||     4
       Crystal ball of e |       |       |       |       |       |     1 |    16 ||    17
  Use: Scroll            |     1 |     1 |     5 |    17 |    17 |    15 |    18 ||    74
       Potion            |       |     2 |     2 |     3 |     3 |     3 |    14 ||    27
 Stab: Sleeping          |       |     6 |     6 |     1 |     1 |     9 |       ||    23
       Paralysed         |       |       |     2 |     4 |     6 |     5 |     2 ||    19
       Distracted        |       |       |       |     1 |       |       |       ||     1
       Invisible         |       |       |       |     8 |       |       |       ||     8
       Held in net/web   |       |       |       |     2 |       |       |       ||     2
       Confused          |       |       |       |       |     2 |    14 |     1 ||    17
  Eat: Chunk             |     2 |     7 |    14 |    32 |    81 |    80 |    37 ||   253
       Ration            |       |       |       |     4 |    10 |    19 |    19 ||    52
Armor: Robe              |     4 |       |       |       |       |       |       ||     4
       Leather armour    |     2 |    20 |    21 |    63 |    33 |     1 |       ||   140
       Troll leather arm |       |       |       |       |       |    85 |    33 ||   118
Dodge: Dodged            |    41 |    60 |   143 |   261 |   186 |   319 |   147 ||  1157
Block: Other             |     8 |     8 |    12 |    41 |       |       |       ||    69
       Reflection        |       |       |       |     2 |     2 |    22 |     5 ||    31
       Buckler           |       |       |       |       |    91 |   166 |    60 ||   317

Table legend:
 A = Non-vault XP
 B = Vault XP
 C = Vault XP percentage of total XP
 D = Non-vault monster count
 E = Vault monster count
 F = Vault count percentage of total count
                 A         B        C        D         E       F
            +---------+---------+-------+---------+---------+-------
      Total |  283377 |  172937 |  37.9 |     959 |     470 |  32.9
            +---------+---------+-------+---------+---------+-------
        D:1 |      38 |      12 |  24.0 |      19 |       6 |  24.0
        D:2 |     110 |      28 |  20.3 |      20 |      10 |  33.3
        D:3 |     164 |       0 |   0.0 |      29 |       0 |   0.0
        D:4 |     378 |       0 |   0.0 |      16 |       0 |   0.0
        D:5 |     199 |     517 |  72.2 |      10 |      18 |  64.3
        D:6 |    1135 |      25 |   2.2 |      36 |       8 |  18.2
        D:7 |    1803 |     211 |  10.5 |      33 |       1 |   2.9
        D:8 |    1063 |       7 |   0.7 |      23 |       6 |  20.7
        D:9 |    2148 |     161 |   7.0 |      21 |       1 |   4.5
       D:10 |    2425 |    2762 |  53.2 |      19 |      22 |  53.7
       D:11 |    6302 |    1336 |  17.5 |      39 |       5 |  11.4
       D:12 |    6583 |    1637 |  19.9 |      37 |       4 |   9.8
       D:13 |    4235 |     426 |   9.1 |      24 |       1 |   4.0
       D:14 |    7960 |    9198 |  53.6 |      34 |      26 |  43.3
       D:15 |   11941 |    1119 |   8.6 |      34 |       1 |   2.9
     Lair:1 |    3097 |     115 |   3.6 |      16 |       1 |   5.9
     Lair:2 |    9595 |    1259 |  11.6 |      40 |       9 |  18.4
     Lair:3 |    4462 |    1403 |  23.9 |      19 |       3 |  13.6
     Lair:4 |    3806 |    5232 |  57.9 |      16 |      12 |  42.9
     Lair:5 |   11026 |       0 |   0.0 |      32 |       0 |   0.0
     Lair:6 |    4749 |   17649 |  78.8 |      16 |      74 |  82.2
   Shoals:1 |   18674 |       0 |   0.0 |      42 |       0 |   0.0
   Shoals:2 |   14357 |       0 |   0.0 |      32 |       0 |   0.0
   Shoals:3 |   30836 |       0 |   0.0 |      54 |       0 |   0.0
   Shoals:4 |   16582 |   35956 |  68.4 |      35 |      41 |  53.9
   Spider:1 |   11936 |    3818 |  24.2 |      32 |       1 |   3.0
   Spider:2 |   11670 |    9830 |  45.7 |      26 |      25 |  49.0
   Spider:3 |   14983 |     965 |   6.1 |      40 |       2 |   4.8
   Spider:4 |   15251 |   25526 |  62.6 |      39 |      40 |  50.6
      Orc:1 |     922 |       0 |   0.0 |      23 |       0 |   0.0
      Orc:2 |    1060 |   11552 |  91.6 |      14 |      71 |  83.5
   Depths:1 |   19669 |       0 |   0.0 |      28 |       0 |   0.0
   Depths:2 |   30047 |   11745 |  28.1 |      36 |       7 |  16.3
   Depths:3 |   14171 |    4939 |  25.8 |      25 |      15 |  37.5
   Depths:4 |       0 |    3648 | 100.0 |       0 |       3 | 100.0
      Sewer |       0 |      57 | 100.0 |       0 |      20 | 100.0
     WizLab |       0 |   21804 | 100.0 |       0 |      37 | 100.0
            +---------+---------+-------+---------+---------+-------
